 Dungeon Crawl Stone Soup version 0.30-a0-629-gd54f4be4f7 (webtiles) character file.

Game seed: 1615321051129272071

257 wormed the Sneak (level 6, -2/37 HPs)
             Began as a Kobold Brigand on Jan 12, 2023.
             Slain by a scorpion (9 damage)
             ... on level 4 of the Dungeon.
             The game lasted 00:03:21 (2381 turns).

wormed the Sneak (Kobold Brigand)                   Turns: 2381, Time: 00:03:21

Health: -2/37      AC:  4    Str:  9    XL:     6   Next: 39%
Magic:  6/6        EV: 15    Int: 12    God:
Gold:   137        SH:  0    Dex: 18    Spells: 5/5 levels left

rFire   . . .      SeeInvis .    a - +2 dagger
rCold   . . .      Faith    .    (no shield)
rNeg    . . .      Spirit   .    g - +0 leather armour
rPois   .          Reflect  .    (no helmet)
rElec   .          Harm     .    c - +0 cloak
rCorr   .          Rampage  .    (no gloves)
Will    .....                    (no boots)
Stlth   ++++                     (no amulet)
HPRegen 0.26/turn                (no ring)
MPRegen 0.10/turn                (no ring)

@: lethally poisoned (-2 -> -15)
A: small, no large weapons, nightstalker 3
a: no special abilities


You were on level 4 of the Dungeon.
You visited 1 branch of the dungeon, and saw 4 of its levels.

You collected 137 gold pieces.

Inventory:

Hand Weapons
 a - a +2 dagger (weapon)
Missiles
 d - 13 poisoned darts
 e - 3 curare-tipped darts
 n - a datura-tipped dart (quivered)
Armour
 b - a +0 robe
 c - a +0 cloak (worn)
 g - a +0 leather armour (worn)
Wands
 r - a wand of charming (8)
 u - a wand of flame (13)
Scrolls
 f - a scroll of identify
Potions
 h - a potion of mutation
 i - a potion of invisibility {unknown}
 k - a potion of magic {unknown}
 l - 2 potions of ambrosia {unknown}
 m - a potion of lignification {unknown}
 o - 2 potions of heal wounds {unknown}
 p - 3 potions of curing {unknown}
 s - a potion of haste {unknown}


   Skills:
 + Level 3.5 Fighting
 * Level 5.6 Short Blades
 - Level 2.1 Throwing
 + Level 3.3 Dodging
 + Level 6.6 Stealth


You had 5 spell levels left.
You didn't know any spells.
Your spell library was empty.

Dungeon Overview and Level Annotations

Branches:
Dungeon (4/15)
 Temple: D:4-7

Altars:


Innate Abilities, Weirdness & Mutations

You are small and have problems with some larger weapons.
You are completely attuned to the shadows.


Message History

You hit the scorpion.
The scorpion is heavily wounded.
You feel sick.
You are no longer poisoned.
The scorpion stings you.
You are poisoned.
The scorpion poisons you!
You hit the scorpion but do no damage.
The scorpion is heavily wounded.
You feel very sick.
The scorpion stings you but does no damage.
You barely miss the scorpion.
The scorpion is heavily wounded.
You feel sick.
You closely miss the scorpion. Your punch misses the scorpion.
The scorpion is heavily wounded.
You feel sick. The scorpion barely misses you.
Throw: 3 darts (datura)
Press: ? - help, Q - select action, (/) - cycle Shift-Dir - straight line, f - scorpion
Aim: a scorpion (heavily wounded, 63% to hit, chance to frenzy on hit: 80%)
You throw a datura-tipped dart.
The datura-tipped dart hits the scorpion.
The scorpion resists.
The scorpion is heavily wounded.
You feel sick. The scorpion stings you.
* * * LOW HITPOINT WARNING * * *
You are lethally poisoned!
The scorpion poisons you!
Throw: 2 darts (datura)
Press: ? - help, Q - select action, (/) - cycle Shift-Dir - straight line, f/p - scorpion
Aim: a scorpion (heavily wounded, 63% to hit, chance to frenzy on hit: 80%)
You throw a datura-tipped dart.
The datura-tipped dart hits the scorpion.
The scorpion flies into a frenzy!
The scorpion is heavily wounded.
* * * LOW HITPOINT WARNING * * *
You feel very sick.
The scorpion stings you but does no damage.
The scorpion stings you!
You die...

#.###### #.# #.#
##.### ......
####....# .....#
#.....#.# .....#
#.###.#.# ..:..#
#.......#
...s@#########.###
...............#
....############
####


You could see a neutral scorpion (fast, strong, insane).

Vanquished Creatures
  Sigmund (D:2)
  3 adders
  A worm (D:3)
  2 dart slugs
  4 orcs (D:3)
  3 endoplasms
  5 giant cockroaches
  4 goblins
  5 hobgoblins
  3 jackals (D:1)
  6 kobolds
  5 quokkas
  6 ball pythons
  4 bats
  4 frilled lizards
  3 rats
59 creatures vanquished.

Notes
Turn   | Place    | Note
-------+----------+-------------------------------------------
     0 | D:1      | wormed the Kobold Brigand began the quest for the Orb.
     0 | D:1      | Reached XP level 1. HP: 12/12 MP: 1/1
    71 | D:1      | Reached XP level 2. HP: 18/18 MP: 2/2
   153 | D:1      | You fall into a shaft and drop 1 floor!
   329 | D:2      | Reached XP level 3. HP: 22/22 MP: 3/3
   690 | D:1      | Reached XP level 4. HP: 27/27 MP: 4/4
  1495 | D:2      | Noticed Sigmund
  1501 | D:2      | Killed Sigmund
  1502 | D:2      | Reached skill level 5 in Short Blades
  1502 | D:2      | Reached skill level 6 in Stealth
  1502 | D:2      | Reached XP level 5. HP: 32/32 MP: 5/5
  1502 | D:2      | Reached XP level 6. HP: 37/37 MP: 6/6
  2381 | D:4      | Slain by a scorpion

Illustrated notes

Levels and vault maps discovered:
D:1:      lightli_arrival_lavapool, layout_basic, chequers_serial_rivers_micro_c
D:2:      layout_loops_cross, hex_tiny, chequers_mini_garden, uniq_sigmund
D:3:      layout_rooms
D:4:      layout_basic

Skill      XL: |  1  2  3  4 |
---------------+-------------+-----
Short Blades   | 3 5 |  5.6
Dodging        | 2 3 |  3.3
Fighting       | 3 |  3.5
Stealth        | 6 |  6.6
Throwing       | |  2.1

Action                   |  1- 3 |  4- 6 || total
-------------------------+-------+-------++-------
Melee: Dagger            |    50 |    71 ||   121
       Punch             |       |     2 ||     2
Throw: Dart              |       |     2 ||     2
  Use: Scroll            |       |     7 ||     7
 Stab: Sleeping          |    11 |    19 ||    30
       Distracted        |       |     1 ||     1
Armor: Robe              |     3 |       ||     3
       Leather armour    |     4 |     7 ||    11
Dodge: Dodged            |    43 |    24 ||    67

Table legend: (Time is in decaauts)
 A = Elapsed time spent in this place.
 B = Non-inter-level travel time spent in this place.
 C = Inter-level travel time spent in this place.
 D = Time resting spent in this place.
 E = Time spent auto-exploring this place.
 F = Levels seen in this place.
 G = Mean time per level.
                   A        B        C        D        E       F      G
               +--------+--------+--------+--------+--------+-----+--------+
         Total |   2352 |   2288 |     64 |      0 |   1901 |   4 |  588.0 |
       Dungeon |   2352 |   2288 |     64 |      0 |   1901 |   4 |  588.0 |
               +--------+--------+--------+--------+--------+-----+--------+

Top non-repeatable levels by time:
     D:1: 906 daAuts
     D:2: 747 daAuts
     D:3: 636 daAuts
     D:4: 63 daAuts
